 Dungeon Crawl Stone Soup version 0.17-a0-1479-g4041c36 (webtiles) character file.

217 vatarom the Sneak (level 5, -7/49 HPs)
             Began as a Naga Enchanter on July 3, 2015.
             Splashed by a jelly's acid (10 damage)
             ... on level 3 of the Dungeon.
             The game lasted 00:06:37 (2541 turns).

vatarom the Sneak (Naga Enchanter)                  Turns: 2541, Time: 00:06:37

Health: -7/49      AC:  0    Str: 10    XL:     5   Next: 94%
Magic:  1/8        EV: 10    Int: 16    God:
Gold:   171        SH:  0    Dex: 12    Spells: 3 memorised, 2 levels left

rFire  . . .     SeeInvis +     a - +1 dagger
rCold  . . .     Clarity  .     b - +2 robe
rNeg   . . .     SustAt   .     (no shield)
rPois  +         Gourm    .     (no helmet)
rElec  .         Spirit   .     (no cloak)
rCorr  .         Warding  .     (no gloves)
rMut   .         Stasis   .     (no barding)
MR     .....                    (no amulet)
Stlth  +++.......               (no ring)
                                (no ring)

@: corroded equipment, very slightly contaminated, very slow, not resistant to
hostile enchantments, fairly stealthy
A: see invisible, deformed body, poison resistance, slowness 2, slow metabolism
1, spit poison 2, AC +1
a: Spit Poison


You were on level 3 of the Dungeon.
You were not hungry.

You visited 1 branch of the dungeon, and saw 3 of its levels.

You collected 171 gold pieces.

Inventory:

Hand weapons
 a - a +1 dagger (weapon)
Armour
 b - a +2 robe (worn)
Scrolls
 d - 2 scrolls of identify
Books
 c - a book of Maledictions

   Spells                             Type                      Level
   a - Corona                         Hexes                        1
   b - Ensorcelled Hibernation        Hexes/Ice                    2
   c - Confuse                        Hexes                        3
   d - Tukima's Dance                 Hexes                        3
   e - Dazzling Spray                 Conjuration/Hexes            3
Miscellaneous
 i - a plain deck of escape {the Shaft, drawn: 2}
Comestibles
 f - 2 fruits
 l - a slice of pizza
 n - a beef jerky


   Skills:
 - Level 3.5 Fighting
 + Level 3.2 Short Blades
 - Level 1.5 Dodging
 - Level 6.0 Stealth
 - Level 2.0 Spellcasting
 + Level 3.0 Hexes


You had 2 spell levels left.
You knew the following spells:

 Your Spells              Type           Power        Failure   Level  Hunger
a - Corona                Hex            ##.....      8%          1    #......
b - Ensorcelled Hibernat  Hex/Ice        #.....       17%         2    ###....
c - Tukima's Dance        Hex            ##......     17%         3    ###....


Dungeon Overview and Level Annotations

Branches:
Dungeon (3/15)

Altars:
Gozag
Nemelex Xobeh

Annotations:
D:3 Robin


Innate Abilities, Weirdness & Mutations

You cannot wear boots.
Your serpentine skin is tough (AC +1).
You have supernaturally acute eyesight.
Armour fits poorly on your strangely shaped body.
Your system is resistant to poisons.
You cover ground very slowly.
You have a slow metabolism.
You can spit poison.


Message History

You hit the jelly.
Your hands burn!
The jelly is almost dead.
You barely miss the jelly.
The jelly is almost dead.
The jelly hits you.
You are splashed with acid!
The acid burns!
* * * LOW HITPOINT WARNING * * *
Drink which item? (? for menu, Esc to quit)
You feel much better. The jelly hits you.
You are splashed with acid!
The acid burns!
You hit the jelly but do no damage.
Your hands burn!
The jelly is almost dead.
The jelly hits you.
You are splashed with acid!
The acid burns!
* * * LOW HITPOINT WARNING * * *
You hit the jelly but do no damage.
Your hands burn!
* * * LOW HITPOINT WARNING * * *
The jelly is almost dead.
The jelly hits you.
* * * LOW HITPOINT WARNING * * *
You are splashed with acid!
The acid burns!
You die...

#.##.##.# .##..
#..#.##.# ##.
##.#....# .
#......# .
####.....#
#..).>##.#
#.######.#
#.#### #.#
#...@# #.#
####J# .#
#########.###.#
....J.........#
.g........#####
....$....S#
..........#
#######.#..
#.####


You could see a jelly and an adder.

Vanquished Creatures
  The ghost of emikaela the Skirmisher, an average OpWn (D:3)
  3 adders (D:2)
  A worm (D:2)
  2 giant geckos
  5 hobgoblins
  14 jackals (D:2)
  7 bats
  3 giant cockroaches
  A giant newt (D:2)
  5 goblins
  7 kobolds
  2 quokkas (D:2)
  9 rats
60 creatures vanquished.

Vanquished Creatures (collateral kills)
  A goblin (D:2)
1 creature vanquished.

Grand Total: 61 creatures vanquished

Notes
Turn   | Place    | Note
--------------------------------------------------------------
     0 | D:1      | vatarom the Naga Enchanter began the quest for the Orb.
     0 | D:1      | Reached XP level 1. HP: 15/15 MP: 3/3
   347 | D:1      | Reached skill level 1 in Fighting
   347 | D:1      | Reached XP level 2. HP: 16/25 MP: 1/5
   351 | D:1      | Learned a level 2 spell: Ensorcelled Hibernation
   389 | D:1      | Reached skill level 5 in Stealth
   804 | D:2      | Reached XP level 3. HP: 21/31 MP: 0/6
   959 | D:2      | Learned a level 3 spell: Tukima's Dance
  1293 | D:2      | Reached skill level 6 in Stealth
  1618 | D:2      | Reached XP level 4. HP: 21/39 MP: 0/7
  1859 | D:2      | Found a sparkling altar of Nemelex Xobeh.
  2015 | D:3      | Found an opulent altar of Gozag.
  2088 | D:3      | Noticed emikaela's ghost (average OpWn)
  2123 | D:3      | Killed emikaela's ghost
  2123 | D:3      | Reached XP level 5. HP: 18/49 MP: 3/8
  2520 | D:3      | Noticed Robin
  2541 | D:3      | Splashed by a jelly's acid

Vault maps used:
D:1:      lightli_arrival_isolated_outpost
D:2:      nemelex_deck, minmay_misc_feat_x
D:3:      grunt_gozag_statues, uniq_robin

Action                   |  1- 3 |  4- 6 || total
-------------------------+-------+-------++-------
Melee: Dagger            |   160 |    74 ||   234
 Cast: Corona            |     5 |     3 ||     8
       Ensorcelled Hiber |    14 |    11 ||    25
       Tukima's Dance    |     3 |     1 ||     4
 Abil: Spit Poison       |       |     2 ||     2
Evoke: Deck              |       |     2 ||     2
  Use: Scroll            |     3 |     5 ||     8
       Potion            |     1 |     5 ||     6
 Stab: Sleeping          |    23 |     9 ||    32
  Eat: Bread ration      |     1 |     1 ||     2
       Fruit             |       |     1 ||     1
